 Dungeon Crawl Stone Soup version 0.22-a0-283-g1871b15 (console) character file.

1343 Duffy the Thaumaturge (level 8, -1/41 HPs)
             Began as a Deep Elf Fire Elementalist on Mar 18, 2018.
             Was a Follower of Vehumet.
             Slain by a wight
             ... wielding a cursed +0 mace
              (10 damage)
             ... on level 5 of the Dungeon.
             The game lasted 00:06:31 (5621 turns).

Duffy the Thaumaturge (Deep Elf Fire Elementalist)  Turns: 5621, Time: 00:06:31

Health: -1/41      AC:  5    Str:  8    XL:     8   Next: 35%
Magic:  5/22       EV: 11    Int: 23    God:    Vehumet [*.....]
Gold:   273        SH:  0    Dex: 15    Spells: 8/23 levels left

rFire    . . .     SeeInvis .   c - 9 rations
rCold    . . .     Gourm    .   (no shield)
rNeg     . . .     Faith    +   f - +0 leather armour (curse)
rPois    +         Spirit   .   (no helmet)
rElec    .         Reflect  .   (no cloak)
rCorr    .         Harm     .   d - +1 pair of gloves {Str+3}
MR       +....                  (no boots)
Stlth    ++........             s - amulet of faith
HPRegen  0.13/turn              g - ring of protection from magic
MPRegen  0.18/turn              q - ring of poison resistance

@: drained
A: no striking features
a: Renounce Religion


You were on level 5 of the Dungeon.
You worshipped Vehumet.
Vehumet was aware of your devotion.
You were very hungry.

You visited 2 branches of the dungeon, and saw 7 of its levels.

You collected 273 gold pieces.

Inventory:

Armour
 d - a +1 pair of gloves of strength (worn)
 f - a cursed +0 leather armour (worn)
Jewellery
 g - a ring of protection from magic (left hand)
 q - a ring of poison resistance (right hand)
 s - an amulet of faith (around neck)
Wands
 t - a wand of scattershot (2)
Scrolls
 a - 2 scrolls of amnesia {unknown}
 b - 5 scrolls of teleportation {unknown}
 e - a scroll of fog {unknown}
 h - 9 scrolls of identify {unknown}
 l - a scroll of enchant weapon {unknown}
 o - a scroll of enchant armour {unknown}
 p - 2 scrolls of magic mapping {unknown}
 r - a scroll of immolation {unknown}
Potions
 i - a potion of invisibility {unknown}
 j - 2 potions of haste {unknown}
 k - a potion of lignification {unknown}
 m - 3 potions of agility
 n - 2 potions of mutation {unknown}
 u - a potion of resistance {unknown}
 v - 2 potions of curing {unknown}
 w - a potion of flight {unknown}
Comestibles
 c - 9 rations (in hand)


   Skills:
 - Level 2.4(1.6) Dodging
 - Level 2.4(1.6) Stealth
 + Level 8.0(7.1) Spellcasting
 + Level 7.0(6.1) Conjurations
 + Level 7.0(6.1) Fire Magic


You had 8 spell levels left.
You knew the following spells:

 Your Spells              Type           Power        Failure   Level  Hunger
a - Throw Flame           Conj/Fire      #####.       1%          2    None
h - Flame Tongue          Conj/Fire      #####        1%          1    None
j - Sticky Flame          Conj/Fire      #####...     9%          4    ###....
k - Fireball              Conj/Fire      #####.....   24%         5    #####..
l - Conjure Flame         Conj/Fire      #####...     2%          3    None


Dungeon Overview and Level Annotations

Branches:
Dungeon (6/15)             Temple (1/1) D:5

Altars:
Ashenzari
Cheibriados
Elyvilon
Fedhas
Gozag
Hepliaklqana
Kikubaaqudgha
Makhleb
Nemelex Xobeh
Okawaru
Qazlal
Ru
Sif Muna
Trog
Uskayaw
Vehumet
Wu Jian
Xom
Yredelemnul
Zin
The Shining One

Shops:
D:5 %


Message History

Cast which spell? (? or * to list)
Aiming: Flame Tongue (safe; 1% risk of failure)
Press: ? - help, Shift-Dir - straight line, f/p - wight
Aim: a wight, wielding a mace and wearing a robe (lightly damaged)
The flame tongue hits the wight.
The wight is moderately damaged.
The wight barely misses you. The wight misses you.
The wight hits you with a flail.
You feel drained. The wight hits you with a flail!
You are feeling very hungry.
The wight barely misses you. The wight hits you with a mace.
There is a stone staircase leading up here.
You see here a giant club.
The wight hits you with an enchanted long sword.
You feel drained. The wight closely misses you.
You climb upwards.
There is a stone staircase leading down here.
The wight hits you with a mace!
You die...

# #.# #. ###.# #. .##.# #######.
..#.# ##################.......
..#.# #...................#####
#.#.# #...................#####
#)#.# ##..>..z.....####.......##
....####...####z....# #.#...#.##
.........#.# #.@<..####)#.#.#.##
....####.#.######..>.......#.....
.........#....#########.....##...
..###.#######...#######.###....#.
### ##888#....#.........# #..#.##
##8...8.#.##########.###..#.##
##...>.8...# #.....##.##
#..8...8.#.# ##.........
#.##888###.# ##.#.#####


You could see 2 wights.

Vanquished Creatures
  Eustachio (D:5)
  A sky beast (D:5)
  A phantom (D:5)
  A centaur (D:5)
  An ogre (D:6)
  2 bullfrogs (D:6)
  2 wights (D:6)
  3 howler monkeys
  3 crimson imps
  A centaur zombie (D:5)
  A jelly (D:6)
  A hound (D:3)
  An orc wizard (D:4)
  A worker ant (D:6)
  2 hound skeletons
  A hound zombie (D:6)
  4 gnolls (D:3)
  8 adders
  A shadow imp (D:6)
  An ooze (D:1)
  An adder zombie (D:5)
  4 worms
  2 dart slugs
  9 leopard geckos
  6 orcs
  11 bats
  9 giant cockroaches
  7 goblins
  8 hobgoblins
  3 jackals (D:2)
  3 quokkas
  4 ball pythons
  6 frilled lizards
  8 kobolds
  A quokka skeleton (D:4)
  A quokka zombie (D:5)
  10 rats
130 creatures vanquished.

Notes
Turn   | Place    | Note
-------+----------+-------------------------------------------
     0 | D:1      | Duffy the Deep Elf Fire Elementalist began the quest for the Orb.
     0 | D:1      | Reached XP level 1. HP: 10/10 MP: 6/6
   166 | D:1      | Reached XP level 2. HP: 15/15 MP: 6/8
   530 | D:1      | Learned a level 2 spell: Throw Flame
   708 | D:1      | Reached XP level 3. HP: 17/19 MP: 6/9
   713 | D:1      | Learned a level 3 spell: Conjure Flame
  1263 | D:2      | Found an iron altar of Okawaru.
  1498 | D:2      | Reached XP level 4. HP: 24/24 MP: 7/11
  1584 | D:2      | Learned a level 4 spell: Sticky Flame
  2188 | D:3      | Reached skill level 4 in Spellcasting
  2193 | D:3      | Reached XP level 5. HP: 28/28 MP: 4/13
  3448 | D:4      | Reached skill level 5 in Spellcasting
  3450 | D:4      | Reached XP level 6. HP: 32/32 MP: 8/15
  3658 | D:4      | Learned a level 5 spell: Fireball
  3907 | D:5      | Entered Level 5 of the Dungeon
  3921 | D:5      | Reached skill level 5 in Fire Magic
  4080 | D:5      | Reached skill level 5 in Conjurations
  4139 | D:5      | Found a staircase to the Ecumenical Temple.
  4197 | Temple   | Entered the Ecumenical Temple
  4460 | Temple   | Became a worshipper of Vehumet
  4497 | D:5      | Reached skill level 6 in Spellcasting
  4497 | D:5      | Reached XP level 7. HP: 19/36 MP: 11/18
  4672 | D:5      | Found Jolul's Food Shop.
  4801 | D:5      | Noticed Eustachio
  4808 | D:5      | Killed Eustachio
  5216 | D:6      | Reached skill level 7 in Spellcasting
  5246 | D:6      | Reached XP level 8. HP: 41/41 MP: 9/20
  5596 | D:6      | Reached * piety under Vehumet
  5596 | D:6      | Offered knowledge of Shock by Vehumet.
  5596 | D:6      | Reached skill level 8 in Spellcasting
  5621 | D:5      | Slain by a wight

Vault maps used:
D:1:      doesnt_arrival_eight_statues
D:2:      okawaru_metal_pillars_3
D:3:      first_ration, minmay_misc_feat_nine_boxes
D:4:      kennysheep_generic_room_8
D:5:      minmay_temple_entry_statues, serial_shops, nicolae_shop_trees,
          uniq_eustachio
Temple:   roderic_octagonal_lattice_temple

Skill      XL: |  1  2  3  4  5  6  7  8 |
---------------+-------------------------+-----
Conjurations   | 2 3 4 5 6 7 |  7.0
Spellcasting   | 4 5 6 7 8 |  8.0
Fire Magic     | 4 5 6 7 |  7.0
Dodging        | |  2.4
Stealth        | |  2.4

Action                   |  1- 3 |  4- 6 |  7- 9 || total
-------------------------+-------+-------+-------++-------
 Cast: Flame Tongue      |    65 |   140 |    54 ||   259
       Conjure Flame     |     1 |     2 |     2 ||     5
       Sticky Flame      |       |     1 |     8 ||     9
Evoke: Wand              |       |       |     4 ||     4
  Eat: Chunk             |     2 |     8 |     4 ||    14
Armor: Robe              |     2 |       |       ||     2
       Leather armour    |     7 |     9 |     2 ||    18
Dodge: Dodged            |    31 |    28 |    10 ||    69

Table legend:
 A = Spawn XP
 B = Non-spawn XP
 C = Spawn XP percentage of total XP
 D = Spawn monster count
 E = Non-spawn monster count
 F = Spawn count percentage of total count
 G = Total turns spent on level
                    A         B        C        D         E        F      G
               +---------+---------+-------+---------+---------+-------+---------
         Total |       0 |    1919 |   0.0 |       0 |     130 |   0.0 |  5621
               +---------+---------+-------+---------+---------+-------+---------
           D:1 |       0 |      54 |   0.0 |       0 |      28 |   0.0 |  1071
           D:2 |       0 |      79 |   0.0 |       0 |      25 |   0.0 |   965
           D:3 |       0 |     211 |   0.0 |       0 |      33 |   0.0 |  1184
           D:4 |       0 |      87 |   0.0 |       0 |      13 |   0.0 |   789
           D:5 |       0 |     784 |   0.0 |       0 |      16 |   0.0 |   983
           D:6 |       0 |     704 |   0.0 |       0 |      15 |   0.0 |   349
               +---------+---------+-------+---------+---------+-------+---------
